 Dungeon Crawl Stone Soup version 0.29.0-11-gd7f09526c8 (webtiles) character file.

Game seed: 1056911892699838380

1104 Flugkiller the Cleaver (level 8, -6/71 HPs)
             Began as a Minotaur Fighter on Sept 4, 2022.
             Was a Follower of Okawaru.
             Killed by nerve-wracking pain
             ... invoked by Grinder
              (11 damage)
             ... on level 5 of the Dungeon.
             The game lasted 00:02:08 (4012 turns).

Flugkiller the Cleaver (Minotaur Fighter)           Turns: 4012, Time: 00:02:08

Health: -6/71      AC: 11    Str: 21    XL:     8   Next: 11%
Magic:  8/8        EV: 11    Int:  5    God:    Okawaru [*.....]
Gold:   236        SH:  4    Dex: 12    Spells: 7/7 levels left

rFire   . . .      SeeInvis .   a - +0 war axe
rCold   . . .      Faith    .   c - +0 buckler
rNeg    . . .      Spirit   .   m - +0 chain mail
rPois   .          Reflect  .   (helmet restricted)
rElec   .          Harm     .   q - +0 cloak
rCorr   .          Rampage  .   (no gloves)
Will    .....                   (no boots)
Stlth   ..........              (no amulet)
HPRegen 0.21/turn               v - +4 ring of evasion
MPRegen 0.11/turn               (no ring)

@: mighty, marked
A: horns 2, retaliatory headbutt
a: Renounce Religion, Heroism


You were on level 5 of the Dungeon.
You worshipped Okawaru.
Okawaru was aware of your devotion.
You visited 2 branches of the dungeon, and saw 6 of its levels.
You also visited: Sewer.

You collected 236 gold pieces.

Inventory:

Hand Weapons
 a - a +0 war axe (weapon)
Missiles
 h - 2 throwing nets (quivered)
Armour
 c - a +0 buckler (worn)
 m - a +0 chain mail (worn)
   (You found it on level 2 of the Dungeon)
 n - a +0 cloak
   (You found it on level 2 of the Dungeon)
 q - a +0 cloak (worn)
   (You found it on level 3 of the Dungeon)
Jewellery
 i - a ring of see invisible
   (You found it on level 4 of the Dungeon)
 v - a +4 ring of evasion (left hand)
   (You found it on level 3 of the Dungeon)
Wands
 z - a wand of charming (9)
   (You found it on level 4 of the Dungeon)
Scrolls
 e - 2 scrolls of identify {unknown}
 f - a scroll of butterflies {unknown}
 g - 2 scrolls of blinking {unknown}
 j - a scroll of brand weapon {unknown}
 k - 2 scrolls of noise {unknown}
 l - a scroll of vulnerability {unknown}
 p - 2 scrolls of teleportation {unknown}
 x - a scroll of immolation {unknown}
Potions
 b - a potion of magic {unknown}
 d - 3 potions of might
 o - a potion of invisibility {unknown}
 r - 3 potions of haste {unknown}
 s - 3 potions of resistance {unknown}
 t - 2 potions of mutation {unknown}
 u - a potion of experience {unknown}
 w - a potion of heal wounds
 y - a potion of flight {unknown}


   Skills:
 + Level 6.5 Fighting
 * Level 8.1 Axes
 + Level 6.5 Armour
 - Level 3.6 Shields
 + Level 2.3 Invocations


You had 7 spell levels left.
You didn't know any spells.
Your spell library was empty.

Dungeon Overview and Level Annotations

Branches:
Dungeon (5/15)             Temple (1/1) D:4           Sewer (visited)

Altars:
Ashenzari
Cheibriados
Fedhas
Gozag
Hepliaklqana
Kikubaaqudgha
Makhleb
Nemelex Xobeh
Okawaru
Sif Muna
Trog
Uskayaw
Xom
Yredelemnul

Shops:
D:3 [

Annotations:
D:5 Grinder, Menkaure, Pikel


Innate Abilities, Weirdness & Mutations

You have a pair of horns on your head.
You reflexively headbutt those who attack you in melee.


Message History

An adder comes into view.
An ogre comes into view. It is wielding a +0 giant club.
The adder bites you.
You are poisoned.
The adder poisons you!
You slash the adder!
You kill the adder!
Okawaru accepts your kill.
You feel sick.
An orc comes into view. It is wielding a +0 club.
Grinder blinks!
You feel sick. Grinder gestures at you. You resist with significant effort.
The adder barely misses you.
You feel very mighty all of a sudden.
You feel sick.
You are no longer poisoned.
The adder barely misses you.
It was a potion of heal wounds.
You feel much better.
w - 2 potions of heal wounds;
b - a glowing emerald potion The adder barely misses you.
A worm comes into view.
The adder closely misses you.
Unknown command.
An ice beast comes into view.
The adder closely misses you.
You slash the adder!
The adder is severely wounded.
The adder bites you but does no damage.
A lemure comes into view.
You slash the adder!
You kill the adder!
Okawaru accepts your kill.
You slash the ogre! You barely miss the ogre.
The ogre hits you with a +0 giant club!!
The ogre hits you with a +0 giant club.
A lemure comes into view.
Grinder says, "DUCK!"
Your Invocations skill increases to level 2!
You slash the ogre!
The ogre is almost dead.
You hit Grinder. You slash the ogre!
A lemure comes into view.
Pikel, Merchant of Souls comes into view.
He is wielding a +1 whip of flaming and wearing a +0 robe of positive energy.
Grinder hits you.
You writhe in agony.
You block the ogre's attack. The ogre barely misses you.
Grinder gestures at you. Pain shoots through your body!
You block the orc's attack.
You are too injured to fight recklessly!
You barely miss the orc. You closely miss Grinder. You hit the ogre. x2
The orc hits you but does no damage. The ogre misses you.
The ogre hits you with a +0 giant club!!
* * * LOW HITPOINT WARNING * * *
Grinder hits you.
* * * LOW HITPOINT WARNING * * *
You writhe in agony.
* * * LOW HITPOINT WARNING * * *
Unknown command.
Okay, then.
You feel much better. The orc hits you but does no damage.
Grinder barely misses you. You furiously retaliate!
You headbutt Grinder. You barely miss Grinder. You headbutt Grinder!
Grinder is heavily wounded.
You slash the ice beast! You hit the ogre.
You kill the ogre!
Okawaru accepts your kill.
You hit the orc. You slash the ogre!
You kill the ogre!
Okawaru is honoured by your kill. The ice beast hits you.
The ice beast freezes you.
* * * LOW HITPOINT WARNING * * *
The orc closely misses you. Grinder hits you but does no damage.
Your Axes skill increases to level 8!
You have reached level 8!
You feel agile.
You slash Grinder!
Grinder is almost dead.
You slash the orc!
You kill the orc!
Okawaru accepts your kill.
You slash the lemure! You hit the ice beast but do no damage.
The ice beast hits you.
* * * LOW HITPOINT WARNING * * *
The ice beast freezes you!
* * * LOW HITPOINT WARNING * * *
The lemure closely misses you. You furiously retaliate!
You headbutt the lemure!!
You kill the lemure!
That felt strangely unrewarding.
Grinder says, "My boss said I was rubbish.
His entrails said otherwise."
You block Grinder's attack.
Menkaure, Prince of Dust comes into view.
Unknown command.
You barely miss Grinder.
Grinder is almost dead.
You closely miss the ice beast. The ice beast closely misses you.
A lemure comes into view.
Grinder gestures at you. Pain shoots through your body!
You die...

........ .. ###... .......
.# #≈#### . #...#.##.###
≈≈≈## ..##
......#...#####≈≈# ..5.(
#.##...##.....#≈≈#
#M..####!##.#.##......≈≈.
. #..............##..~≈≈.
....#...K.5....#..##...~~~
.......55@).......##.~.~≈~
.......wY......#..##...~~.
...#..................~≈~.
.....###..######......~~~.
...## #..........#†.~~~~.
.. ..............~.~~~ .
#........#......~~~
#........###..~.~≈. ......
#..~.~~.


You could see Pikel, Grinder, an ice beast, 3 lemures, Menkaure and a worm.

Vanquished Creatures
  Duvessa (D:5)
  A black bear (D:5)
  3 ogres
  A lemure (D:5)
  2 kobold brigands (Sewer)
  Dowan (D:5)
  4 hounds (D:5)
  13 adders
  11 gnolls
  2 river rats (D:3)
  4 worms
  2 dart slugs
  2 orcs
  9 endoplasms
  6 giant cockroaches
  4 goblins
  7 hobgoblins
  3 quokkas
  12 ball pythons
  9 bats
  A frilled lizard (D:2)
  20 kobolds
  6 rats
124 creatures vanquished.

Vanquished Creatures (others)
  A fungus (Sewer)
  3 plants (Sewer)
4 creatures vanquished.

Grand Total: 128 creatures vanquished

Notes
Turn   | Place    | Note
-------+----------+-------------------------------------------
     0 | D:1      | Flugkiller the Minotaur Fighter began the quest for the
                  | Orb.
     0 | D:1      | Reached XP level 1. HP: 19/19 MP: 0/0
   193 | D:1      | Reached skill level 3 in Axes
   193 | D:1      | Reached XP level 2. HP: 27/27 MP: 1/1
   256 | D:1      | Found a faded altar of an unknown god.
   792 | D:2      | Reached XP level 3. HP: 33/33 MP: 2/2
  1236 | D:3      | Found a basalt altar of Yredelemnul.
  1261 | D:3      | Reached skill level 4 in Axes
  1378 | D:3      | Reached XP level 4. HP: 40/40 MP: 3/3
  1533 | D:3      | Found a glowing drain.
  1573 | Sewer    | Entered a sewer
  1593 | Sewer    | Noticed a kobold brigand
  1616 | Sewer    | Killed a kobold brigand
  1617 | Sewer    | Reached skill level 5 in Axes
  1617 | Sewer    | Reached XP level 5. HP: 8/47 MP: 4/4
  1985 | Sewer    | Reached skill level 5 in Fighting
  1985 | Sewer    | Reached skill level 5 in Armour
  2137 | D:3      | Found Taamus's Antique Armour Boutique.
  2170 | D:3      | Found an ancient bone altar of Kikubaaqudgha.
  2181 | D:3      | Reached XP level 6. HP: 56/56 MP: 5/5
  2489 | D:4      | Reached skill level 6 in Axes
  3309 | D:4      | Found a staircase to the Ecumenical Temple.
  3321 | Temple   | Entered the Ecumenical Temple
  3387 | Temple   | Became a worshipper of Warmaster Okawaru
  3544 | D:4      | Reached XP level 7. HP: 60/62 MP: 6/6
  3830 | D:5      | Entered Level 5 of the Dungeon
  3836 | D:5      | Noticed Duvessa
  3843 | D:5      | Noticed Dowan
  3845 | D:5      | Reached skill level 7 in Axes
  3845 | D:5      | Reached skill level 1 in Invocations
  3848 | D:5      | Killed Duvessa
  3857 | D:5      | Killed Dowan
  3997 | D:5      | Reached * piety under Okawaru
  3997 | D:5      | Noticed Grinder
  4007 | D:5      | Noticed Pikel
  4008 | D:5      | HP: 3/63 [Grinder (3)]
  4011 | D:5      | Reached skill level 8 in Axes
  4011 | D:5      | Reached XP level 8. HP: 16/71 MP: 8/8
  4011 | D:5      | Noticed Menkaure
  4012 | D:5      | Killed from afar by Grinder

Illustrated notes

Levels and vault maps discovered:
D:1:      dpeg_arrival_tiny_e, layout_loops_ring, ebering_ecumenical_altar_hall
D:2:      layout_rooms, minmay_split_cup_small
D:3:      layout_basic, general_overflow_altar,
          mainiacjoe_overflow_concentric_impassable, portal_sewer_entry_b,
          serial_shops, nicolae_shop_behind_doors
D:4:      layout_gridville, minmay_temple_entry_enclosed_plants, st_stairs_10,
          columned_hall_lemuel, grunt_decor_resistance
D:5:      layout_rooms, tso_oasis_becter, biasface_ghost_orc_armoury,
          chequers_serial_rivers_small_3, minmay_quadrilaterals, uniq_menkaure,
          uniq_duvessa, uniq_grinder, uniq_pikel, uniq_edmund
Temple:   bh_familiar_temple

Skill      XL: |  1  2  3  4  5  6  7 |
---------------+----------------------+-----
Axes           | 3 4 5 6 8 |  8.1
Fighting       | 4 5 6 |  6.5
Armour         | 4 5 6 |  6.5
Invocations    | 2 |  2.3
Shields        | |  3.6

Action                   |  1- 3 |  4- 6 |  7- 9 || total
-------------------------+-------+-------+-------++-------
Melee: War axe           |    95 |   136 |    51 ||   282
       Headbutt          |     9 |    15 |    14 ||    38
  Use: Potion            |       |       |     3 ||     3
Armor: Scale mail        |    19 |       |       ||    19
       Chain mail        |    38 |    55 |    31 ||   124
Dodge: Dodged            |    35 |    89 |    38 ||   162
Block: Buckler           |    17 |    31 |    13 ||    61
